 Dungeon Crawl Stone Soup version 0.26.1-11-gd32895ea62 (webtiles) character file.

Game seed: 326906660783146296

6417 dtburroughs the Fighter (level 10, 0/92 HPs)
             Began as a Minotaur Berserker on May 16, 2021.
             Was a High Priest of Trog.
             Slain by a two-headed ogre
             ... wielding a +0 giant club
              (15 damage)
             ... on level 9 of the Dungeon on May 17, 2021.
             The game lasted 00:19:33 (9696 turns).

dtburroughs the Fighter (Minotaur Berserker)        Turns: 9696, Time: 00:19:33

Health: 0/92       AC: 15    Str: 23    XL:     10   Next: 66%
Magic:  9/9        EV: 11    Int:  7    God:    Trog [*****.]
Gold:   613        SH:  0    Dex:  9    Spells: 9/9 levels left

rFire    + . .     SeeInvis .   N - +2 war axe (vamp)
rCold    . . .     Faith    .   (no shield)
rNeg     . . .     Spirit   .   e - +1 chain mail {rF+}
rPois    .         Reflect  .   (helmet restricted)
rElec    .         Harm     .   (no cloak)
rCorr    .         Rampage  .   L - +0 pair of gloves
Will     .....                  J - +0 pair of boots
Stlth    ..........             (no amulet)
HPRegen  0.25/turn              (no ring)
MPRegen  0.11/turn              (no ring)

@: no status effects
A: retaliatory headbutt, horns 2
a: Renounce Religion, Berserk, Trog's Hand, Brothers in Arms


You were on level 9 of the Dungeon.
You worshipped Trog.
Trog was extremely pleased with you.
You visited 1 branch of the dungeon, and saw 9 of its levels.

You collected 613 gold pieces.

Inventory:

Hand Weapons
 a - a +0 hand axe
 w - the +6 mace of Ashenzari {vamp, Will+ Dex+3}
   (You found it on level 4 of the Dungeon)

   It inflicts no extra harm, but heals its wielder when it wounds a living foe.
   It affects your dexterity (+3).
   It affects your willpower, your defense against some magical effects.
 x - a +0 flail of draining
 C - a +0 war axe
 D - a +1 whip of electrocution
 H - a +1 flail of protection
 N - a +2 vampiric war axe (weapon)
 O - a +1 whip of venom
 P - a +2 executioner's axe of flaming
 S - a +1 whip of freezing
Armour
 e - a +1 chain mail of fire resistance (worn)
 j - a +0 plate armour
 v - a +0 chain mail
 G - +0 steam dragon scales
 I - a +0 leather armour of cold resistance
 J - a +0 pair of boots (worn)
 L - a +0 pair of gloves (worn)
 Q - +0 storm dragon scales
Wands
 b - a wand of paralysis (1)
 q - a wand of flame (5)
 R - a wand of random effects (15)
 T - a wand of acid (8)
Scrolls
 g - 5 scrolls of magic mapping
 h - 2 scrolls of blinking {unknown}
 k - a scroll of noise {unknown}
 m - 8 scrolls of identify
 o - a scroll of enchant weapon {unknown}
 p - 3 scrolls of amnesia {unknown}
 s - 6 scrolls of teleportation {unknown}
 u - 2 scrolls of fog {unknown}
 y - 3 scrolls of remove curse {unknown}
 z - a scroll of random uselessness {unknown}
 F - a scroll of enchant armour {unknown}
Potions
 c - 4 potions of resistance {unknown}
 d - 7 potions of flight
 f - 2 potions of might {unknown}
 i - 2 potions of degeneration {unknown}
 l - 3 potions of mutation {unknown}
 n - 5 potions of curing {unknown}
 r - 2 potions of heal wounds {unknown}
 t - a potion of invisibility {unknown}
 A - a potion of lignification {unknown}
 B - 2 potions of brilliance {unknown}
 E - a potion of attraction {unknown}
 K - 2 potions of haste {unknown}
 M - a potion of magic {unknown}
 U - a potion of ambrosia {unknown}


   Skills:
 + Level 9.7 Fighting
 + Level 9.7 Axes
 + Level 9.3 Armour
 + Level 8.5 Dodging
 + Level 5.7 Evocations


You had 9 spell levels left.
You didn't know any spells.
Your spell library was empty.

Dungeon Overview and Level Annotations

Branches:
Dungeon (9/15)             Temple (0/1) D:7            Lair (0/6) D:8
    Orc: D:9-12

Altars:
Makhleb

Shops:
D:6 ?


Innate Abilities, Weirdness & Mutations

You reflexively headbutt those who attack you in melee.
You have a pair of horns on your head.


Message History

You kill the big kobold!
Trog accepts your kill.
The two-headed ogre hits you with a +0 giant club!
The two-headed ogre hits you with a +0 giant club.
You slice the two-headed ogre!!
The two-headed ogre is heavily wounded.
The two-headed ogre hits you with a +0 giant club. x2
You hit the two-headed ogre.
You feel better.
The two-headed ogre is heavily wounded.
The two-headed ogre hits you with a +0 giant club!!
The two-headed ogre closely misses you.
You hit the two-headed ogre.
The two-headed ogre is severely wounded.
You slash the two-headed ogre!
Your headbutt misses the two-headed ogre.
The two-headed ogre is almost dead.
The two-headed ogre hits you with a +0 giant club!!
* * * LOW HITPOINT WARNING * * *
The two-headed ogre hits you with a +0 giant club!
You die...

#.....# .##
###...# .#
#.#####...#
# #
#.........##
#.#####
######.....#
###.....#
#..#..#
.........
#..#..#
#######<#
#..#..# #.#
#..#@.# #.#
#.....O))#
#.#
#.##..#..#
#.# #..#..#
#.# ... ....
#.# ..#.
#.... ...
.... #....
#..# ......


You could see a two-headed ogre.

Vanquished Creatures
  A two-headed ogre (D:8)
  A centaur warrior (D:9)
  Pikel (D:9)
  An oklob plant (D:7)
  Maurice (D:9)
  Maggie (D:6)
  A troll (D:8)
  2 orc warriors
  4 ice beasts
  3 phantoms
  A necrophage (D:8)
  2 ogres
  3 centaurs
  2 lemures (D:9)
  6 bullfrogs
  A big kobold (D:9)
  A scorpion (D:8)
  A vampire bat (D:3)
  A howler monkey (D:4)
  A bullfrog zombie (D:6)
  2 centaur zombies
  2 hounds
  2 bullfrog skeletons
  2 gnoll shamans
  9 jellies
  3 orc priests
  8 orc wizards
  An iguana (D:7)
  Natasha (thrice) (D:3)
  4 worker ants
  A hound skeleton (D:3)
  A worker ant zombie (D:9)
  21 gnolls
  8 adders
  3 white imps
  15 oozes
  An adder zombie (D:6)
  An adder skeleton (D:7)
  2 dart slugs
  3 fire bats (D:3)
  6 leopard geckos
  26 orcs
  2 spectral bats (D:3)
  3 bat skeletons (D:3)
  A bat zombie (D:3)
  5 giant cockroaches
  6 goblins
  4 hobgoblins
  10 jackals
  11 kobolds
  A quokka (D:4)
  A ball python (D:2)
  16 bats
  A bat simulacrum (D:3)
  4 frilled lizards
  A jackal zombie (D:5)
  A leopard gecko skeleton (D:5)
  7 rats
233 creatures vanquished.

Vanquished Creatures (others)
  A white imp (D:6)
  4 fungi (D:7)
  A plant (D:8)
6 creatures vanquished.

Grand Total: 239 creatures vanquished

Notes
Turn   | Place    | Note
-------+----------+-------------------------------------------
     0 | D:1      | dtburroughs the Minotaur Berserker began the quest for the
                  | Orb.
     0 | D:1      | Reached XP level 1. HP: 19/19 MP: 0/0
   770 | D:1      | Reached XP level 2. HP: 27/27 MP: 1/1
  1540 | D:2      | Reached XP level 3. HP: 33/33 MP: 2/2
  1562 | D:2      | Reached ** piety under Trog
  1994 | D:3      | Noticed Natasha
  2009 | D:3      | Killed Natasha
  2010 | D:3      | Reached XP level 4. HP: 14/41 MP: 3/3
  2440 | D:3      | Noticed a bullfrog
  2444 | D:3      | Killed a bullfrog
  2445 | D:3      | Reached XP level 5. HP: 40/47 MP: 4/4
  2662 | D:3      | Noticed Natasha
  2674 | D:3      | Killed Natasha
  2864 | D:3      | Reached skill level 5 in Fighting
  2884 | D:3      | Reached skill level 5 in Axes
  2986 | D:3      | Noticed Natasha
  2996 | D:3      | Killed Natasha
  3025 | D:3      | Found a burning altar of Makhleb.
  3057 | D:3      | Reached XP level 6. HP: 50/56 MP: 5/5
  3450 | D:3      | Reached *** piety under Trog
  4021 | D:4      | Reached skill level 5 in Armour
  4021 | D:4      | Reached XP level 7. HP: 12/62 MP: 6/6
  4763 | D:4      | Got a bloodstained mace
  4930 | D:4      | Identified the +6 mace of Ashenzari {vamp, Will+ Dex+3}
                  | (You found it on level 4 of the Dungeon)
  4932 | D:5      | Entered Level 5 of the Dungeon
  4979 | D:5      | Reached skill level 5 in Dodging
  5121 | D:5      | Reached skill level 1 in Evocations
  5869 | D:5      | Reached XP level 8. HP: 70/71 MP: 7/7
  6902 | D:6      | Reached **** piety under Trog
  7144 | D:6      | Found Quex Jon's Magic Scroll Emporium.
  7184 | D:6      | Noticed Maggie
  7203 | D:6      | Killed Maggie
  7204 | D:6      | Reached XP level 9. HP: 80/80 MP: 8/8
  7454 | D:7      | Noticed an oklob plant
  7791 | D:7      | Killed an oklob plant
  7869 | D:7      | Reached ***** piety under Trog
  8230 | D:7      | Found a staircase to the Ecumenical Temple.
  8530 | D:8      | Found a staircase to the Lair.
  8605 | D:8      | Noticed a troll
  8621 | D:8      | Killed a troll
  8922 | D:8      | Identified the cursed +1 dagger of the Globe {vorpal, rN+}
  8931 | D:8      | Reached XP level 10. HP: 89/90 MP: 9/9
  8995 | D:8      | Noticed a two-headed ogre
  9011 | D:8      | Killed a two-headed ogre
  9011 | D:8      | Received a gift from Trog
  9012 | D:8      | Reached skill level 5 in Evocations
  9544 | D:9      | Noticed Pikel
  9560 | D:9      | Killed Pikel
  9609 | D:9      | Noticed Maurice
  9629 | D:9      | Killed Maurice
  9681 | D:9      | Noticed a centaur warrior
  9685 | D:9      | Noticed a two-headed ogre
  9690 | D:9      | Killed a centaur warrior
  9696 | D:9      | Slain by a two-headed ogre

Illustrated notes

Levels and vault maps discovered:
D:1:      wander_arrival_fairy_ring, layout_loops_corners,
          chequers_serial_rivers_micro_a
D:2:      layout_basic
D:3:      layout_loops_ring, lemuel_crystal_altar, goddamned_bats, uniq_natasha
D:4:      layout_basic
D:5:      layout_layer_cave
D:6:      layout_basic, serial_shops, shop, chequers_serial_rivers_micro_c,
          st_stairs_12, uniq_maggie
D:7:      lemuel_slime, layout_basic, minmay_temple_entry_offerings
D:8:      layout_basic, dpeg_oklobed_lair
D:9:      layout_loops_ring, serial_glass, glass_columns_c, glass_columns_b,
          enter_bailey_3, uniq_maurice, uniq_pikel

Skill      XL: |  1  2  3  4  5  6  7  8  9 10 |
---------------+-------------------------------+-----
Fighting       | 4 5 6 7 8 9 |  9.7
Axes           | 4 5 6 7 8 9 |  9.7
Armour         | 3 4 5 7 8 9 |  9.3
Dodging        | 3 4 5 6 7 8 |  8.5
Evocations     | 1 3 4 5 |  5.7

Action                   |  1- 3 |  4- 6 |  7- 9 | 10-12 || total
-------------------------+-------+-------+-------+-------++-------
Melee: Hand axe          |    78 |   147 |    13 |       ||   238
       Headbutt          |    11 |    30 |    62 |    25 ||   128
       Mace              |       |       |   282 |       ||   282
       War axe           |       |       |    21 |   102 ||   123
Invok: Berserk           |     1 |       |       |       ||     1
       Trog's Hand       |       |       |     4 |       ||     4
Evoke: Wand              |       |       |     3 |     1 ||     4
  Use: Scroll            |       |       |     2 |       ||     2
 Stab: Sleeping          |     1 |       |       |       ||     1
       Paralysed         |       |       |     5 |     5 ||    10
Armor: Ring mail         |     5 |       |       |       ||     5
       Animal skin       |     2 |       |       |       ||     2
       Plate armour      |    19 |       |       |       ||    19
       Chain mail        |    21 |   120 |   153 |    54 ||   348
Dodge: Dodged            |    39 |   118 |   153 |    61 ||   371
